 Dungeon Crawl Stone Soup version 0.30-a0-331-g8ab09dc110 (webtiles) character file.

Game seed: 2164606510767109904

893 hikkokomori the Gusty (level 7, -1/52 HPs)
             Began as a Demigod Air Elementalist on Oct 30, 2022.
             Slain by Pikel
             ... wielding a +2 whip of flaming
              (5 damage)
             ... on level 6 of the Dungeon.
             The game lasted 00:08:29 (5053 turns).

hikkokomori the Gusty (Demigod Air Elementalist)    Turns: 5053, Time: 00:08:30

Health: -1/52      AC:  9    Str: 13    XL:     7   Next: 49%
Magic:  16/16      EV: 10    Int: 21    God:
Gold:   208        SH:  0    Dex: 14    Spells: 9/14 levels left

rFire   . . .      SeeInvis .    e - +2 mace (drain)
rCold   . . .      Faith    .    (no shield)
rNeg    . . .      Spirit   .    d - +3 ring mail
rPois   .          Reflect  .    (no helmet)
rElec   .          Harm     .    (no cloak)
rCorr   .          Rampage  .    i - +0 pair of gloves
Will    .....                    (no boots)
Stlth   +.........               (no amulet)
HPRegen 0.28/turn                (no ring)
MPRegen 0.15/turn                (no ring)

@: about to teleport
A: high MP 1, forlorn, divine attributes
a: no special abilities


You were on level 6 of the Dungeon.
You visited 1 branch of the dungeon, and saw 6 of its levels.
You also visited: Ossuary.

You collected 208 gold pieces.

Inventory:

Hand Weapons
 e - a +2 mace of draining (weapon)
 z - a +0 broad axe
Armour
 a - a +0 robe
 d - a +3 ring mail (worn)
 i - a +0 pair of gloves (worn)
Magical Staves
 m - a staff of cold
Scrolls
 c - a scroll of torment {unknown}
 f - a scroll of blinking
 g - 3 scrolls of enchant armour
 n - a scroll of brand weapon
 s - a scroll of amnesia
 x - 2 scrolls of magic mapping {unknown}
 y - a scroll of summoning {unknown}
Potions
 b - a potion of magic
 h - 3 potions of curing {unknown}
 j - 2 potions of degeneration
 l - a potion of might {unknown}
 o - a potion of attraction {unknown}
 p - 4 potions of lignification
 q - a potion of ambrosia {unknown}
 r - 2 potions of brilliance
 t - 2 potions of haste {unknown}
 u - 2 potions of invisibility {unknown}
 v - 4 potions of heal wounds


   Skills:
 + Level 1.5 Fighting
 - Level 1.7 Dodging
 - Level 1.7 Stealth
 - Level 4.1 Spellcasting
 + Level 4.5 Conjurations
 + Level 1.3 Hexes
 + Level 5.3 Air Magic


You had 9 spell levels left.
You knew the following spells:

 Your Spells              Type           Power      Damage    Failure   Level
a - Shock                 Conj/Air       96%        1d9       3%          1
b - Fulminant Prism       Conj/Hex       8%         3d7       61%         4

Your spell library contained the following spells:

 Spells                   Type           Power      Damage    Failure   Level
 Static Discharge         Conj/Air       48%        2-4/arc   5%          2
 Swiftness                Air            26%        N/A       9%          3
 Airstrike                Air            13%        2d(2-18)  28%         4
 Ensorcelled Hibernation  Hex/Ice        14%        N/A       30%         2
 Passwall                 Tmut/Erth      3%         N/A       36%         2
 Kindle Blastsparks       Fire/Tloc/Air  22%        2d11      36%         3
 Iskenderun's Mystic Bla  Conj/Tloc      13%        2d5       71%         4
 Lee's Rapid Deconstruct  Erth           2%         3d4*      100%        5


Dungeon Overview and Level Annotations

Branches:
Dungeon (6/15)            Ossuary (visited)
 Temple: D:4-7

Portals:
Abyss: D:6

Annotations:
D:6 1 transporter, Darkkill's ghost, novice MiHu; Pikel


Innate Abilities, Weirdness & Mutations

You have an increased reservoir of magic. (+10% MP)
You shall have no god before yourself.
Your divine heritage dramatically boosts your attributes as you level up.


Message History

The lemure closely misses you. The lemure hits you.
You closely miss Pikel.
Pikel is moderately wounded.
Pikel hits you with a +2 whip of flaming!
* * * LOW HITPOINT WARNING * * *
Pikel burns you.
* * * LOW HITPOINT WARNING * * *
Pikel hits you with a +2 whip of flaming.
* * * LOW HITPOINT WARNING * * *
Pikel burns you.
* * * LOW HITPOINT WARNING * * *
The lemure barely misses you. The lemure closely misses you.
Unknown command.
Blink to where?
Press: ? - help, Dir - move target
As you read the scroll of blinking, it crumbles to dust.
Pikel rages.
You hear a shout!
Okay, then.
As you read the scroll of fear, it crumbles to dust.
You assume a fearsome visage.
Pikel is unaffected.
The lemure looks frightened! x2
You aren't carrying any items that you can evoke.
As you read the scroll of teleportation, it crumbles to dust.
You feel strangely unstable.
You feel much better.
You hit Pikel but do no damage. You drain Pikel.
Pikel is moderately wounded.
Pikel hits you with a +2 whip of flaming!
Pikel burns you.
Pikel hits you with a +2 whip of flaming.
* * * LOW HITPOINT WARNING * * *
Pikel burns you.
* * * LOW HITPOINT WARNING * * *
You hit Pikel but do no damage.
Pikel is moderately wounded.
Pikel barely misses you.
Pikel hits you with a +2 whip of flaming!
* * * LOW HITPOINT WARNING * * *
Pikel burns you.
You die...

## ... ... 5.
#########
#.###.....K@#
#...5...###.#
#####.#.# #.#
#.#.# #.# #.#.#
#.# #.#.# #.#
#.#.###.#
#.......#
####...########


You could see Pikel (berserk, very drained) and a lemure (fleeing).

Vanquished Creatures
  Sigmund (D:3)
  An ogre (D:4)
  A necrophage (D:4)
  A scorpion (D:4)
  2 centaur zombies (Ossuary)
  2 human zombies (Ossuary)
  A hound (D:5)
  An orc priest (D:4)
  An iguana (D:5)
  3 orc wizards (D:4)
  2 mummies (Ossuary)
  6 adders
  A white imp (D:5)
  An adder zombie (Ossuary)
  5 worms
  2 dart slugs
  5 orcs (D:4)
  4 ball pythons
  7 bats
  8 endoplasms
  4 giant cockroaches
  7 hobgoblins
  5 jackals
  4 quokkas
  8 goblins
  A goblin zombie (Ossuary)
  13 hobgoblin zombies (Ossuary)
  2 jackal zombies (Ossuary)
  9 kobolds
  10 kobold zombies (Ossuary)
  5 orc zombies (Ossuary)
  7 rats
  A rat zombie (Ossuary)
131 creatures vanquished.

Vanquished Creatures (others)
  An orc wizard (D:4)
  19 plants (D:4)
20 creatures vanquished.

Grand Total: 151 creatures vanquished

Notes
Turn   | Place    | Note
-------+----------+-------------------------------------------
     0 | D:1      | hikkokomori the Demigod Air Elementalist began the quest
                  | for the Orb.
     0 | D:1      | Reached XP level 1. HP: 14/14 MP: 5/5
    63 | D:1      | Reached skill level 1 in Conjurations
   239 | D:1      | Reached XP level 2. HP: 20/20 MP: 5/7
   267 | D:1      | Reached skill level 3 in Air Magic
   938 | D:2      | Reached XP level 3. HP: 26/26 MP: 3/9
  2040 | D:3      | Reached XP level 4. HP: 33/33 MP: 6/10
  2159 | D:3      | Noticed Sigmund
  2177 | D:3      | Killed Sigmund
  2178 | D:3      | Reached skill level 4 in Air Magic
  2178 | D:3      | Reached XP level 5. HP: 38/38 MP: 9/12
  2831 | D:4      | Reached XP level 6. HP: 22/44 MP: 14/14
  3560 | D:4      | Reached XP level 7. HP: 29/50 MP: 12/16
  3566 | D:4      | Reached skill level 5 in Air Magic
  3853 | D:4      | Learned a level 4 spell: Fulminant Prism
  3882 | D:5      | Entered Level 5 of the Dungeon
  4150 | D:5      | Found a sand-covered staircase.
  4218 | Ossuary  | Entered an ossuary
  4372 | Ossuary  | Reached skill level 1 in Fighting
  4399 | Ossuary  | Reached skill level 1 in Hexes
  4960 | D:6      | Found a transporter.
  4960 | D:6      | Noticed a hellwing
  4963 | D:6      | Found a one-way gate to the infinite horrors of the Abyss.
  4963 | D:6      | Noticed Darkkill's ghost (novice MiHu)
  4964 | D:6      | Noticed a small abomination
  4969 | D:6      | Noticed a raiju
  5041 | D:6      | Noticed Pikel
  5053 | D:6      | Slain by Pikel

Illustrated notes

Levels and vault maps discovered:
D:1:      minmay_arrival_diagonal_passages, layout_basic
D:2:      layout_basic, basic_altar, minmay_octomino_j4
D:3:      layout_rooms, hellmonk_ecumenical_altar_crossroads, uniq_sigmund
D:4:      layout_basic, mainiacjoe_overflow_cross_hatched
D:5:      layout_basic, ashenzari_conservatory_becter,
          nicolae_ossuary_entry_false_entrances
D:6:      layout_loops_corners, lemuel_crystal_altar,
          gammafunk_ghost_abyssal_escape, kb_rosetta, uniq_pikel

Skill      XL: |  1  2  3  4  5  6  7 |
---------------+----------------------+-----
Conjurations   | 1 2 3 4 |  4.5
Spellcasting   | 2 3 4 |  4.1
Air Magic      | 3 4 5 |  5.3
Fighting       | 1 |  1.5
Hexes          | 1 |  1.3
Dodging        | |  1.7
Stealth        | |  1.7

Action                   |  1- 3 |  4- 6 |  7- 9 || total
-------------------------+-------+-------+-------++-------
Melee: Mace              |    27 |   148 |   195 ||   370
       Punch             |       |     1 |     4 ||     5
 Cast: Shock             |    89 |    16 |     1 ||   106
  Use: Potion            |       |     2 |     1 ||     3
       Scroll            |       |       |    11 ||    11
 Stab: Sleeping          |     1 |       |     1 ||     2
Armor: Robe              |     1 |       |       ||     1
       Ring mail         |    18 |    97 |   120 ||   235
       Skin              |       |     6 |       ||     6
Dodge: Dodged            |    28 |    92 |   124 ||   244

Table legend: (Time is in decaauts)
 A = Elapsed time spent in this place.
 B = Non-inter-level travel time spent in this place.
 C = Inter-level travel time spent in this place.
 D = Time resting spent in this place.
 E = Time spent auto-exploring this place.
 F = Levels seen in this place.
 G = Mean time per level.
                   A        B        C        D        E       F      G
               +--------+--------+--------+--------+--------+-----+--------+
         Total |   5200 |   5025 |    175 |     49 |   3741 |   7 |  742.9 |
       Dungeon |   4674 |   4499 |    175 |     47 |   3547 |   6 |  779.0 |
       Ossuary |    525 |    525 |      0 |      2 |    194 |   1 |  525.0 |
               +--------+--------+--------+--------+--------+-----+--------+

Top non-repeatable levels by time:
     D:4: 1293 daAuts
     D:3: 906 daAuts
     D:1: 901 daAuts
     D:2: 886 daAuts
     D:5: 574 daAuts
 Ossuary: 525 daAuts
     D:6: 112 daAuts
